 Dungeon Crawl Stone Soup version 0.30-a0-738-g116ff8c4af (webtiles) character file.

Game seed: 15254189928775096110

28942 jasper the Cleaver (level 13, 0/72 HPs)
             Began as a Vine Stalker Berserker on Feb 3, 2023.
             Was a High Priest of Trog.
             Slain by a komodo dragon (17 damage)
             ... on level 2 of the Lair of Beasts.
             The game lasted 00:26:36 (15420 turns).

jasper the Cleaver (Vine Stalker Berserker)        Turns: 15420, Time: 00:26:37

Health: 0/72       AC: 19    Str: 24    XL:     13   Next: 42%
Magic:  0/14       EV:  2    Int:  7    God:    Trog [*****.]
Gold:   985        SH: 29    Dex: 15    Spells: 12/12 levels left

rFire   + . .      SeeInvis .    O - +0 war axe (venom)
rCold   + . .      Faith    .    o - +18 shield of the Gong {Loud rElec rN+ Will+ EV-5}
rNeg    + + +      Spirit   +    f - +4 chain mail {rF+}
rPois   .          Reflect  .    W - +2 hat
rElec   +          Harm     .    i - +0 cloak
rCorr   .          Rampage  .    (no gloves)
Will    ++...                    G - +0 pair of boots Stlth
                                 B - amulet of Eternity {Drain rF+ rN+++ Regen+ Stlth+}
HPRegen 1.92/turn                v - ring of ice
MPRegen 0.14/turn                H - +4 ring of slaying

@: no status effects
A: fangs 3, regeneration 1, magic shield, antimagic bite, no potion heal 2
a: Renounce Religion, Berserk, Trog's Hand, Brothers in Arms


You were on level 2 of the Lair of Beasts.
You worshipped Trog.
Trog was extremely pleased with you.
You visited 2 branches of the dungeon, and saw 15 of its levels.
You also visited: Ossuary.

You collected 985 gold pieces.

Inventory:

Hand Weapons
 a - the +11 war axe of the Vaults {venom, rElec Str+4 Int+4 Dex-2}
   (You found it on level 11 of the Dungeon)

   Str:       It affects your strength (+4).
   Int:       It affects your intelligence (+4).
   Dex:       It affects your dexterity (-2).
   rElec:     It insulates you from electricity.
 q - a +5 heavy broad axe
 O - a +0 war axe of venom (weapon)
 P - a +2 war axe of flaming
Missiles
 j - 30 poisoned darts
 k - 73 stones (quivered)
 t - 3 boomerangs
Armour
 f - a +4 chain mail of fire resistance (worn)
 i - a +0 cloak (worn)
 o - the +18 shield of the Gong (worn) {Loud rElec rN+ Will+ EV-5}
   (You found it on level 3 of the Dungeon)

   Loud:      It is deafeningly noisy when blocking attacks.
   EV:        It affects your evasion (-5).
   rElec:     It insulates you from electricity.
   rN:        It protects you from negative energy.
   Will:      It increases your willpower.
 G - a +0 pair of boots (worn)
 W - a +2 hat (worn)
Jewellery
 m - an amulet of regeneration
 p - the ring of the Villain {Fly SInv}
   (You took it off a hobgoblin on level 3 of the Dungeon)

   [ring of see invisible]

   SInv:      It lets you see invisible.
   Fly:       It grants you flight.
 s - a ring of fire
 v - a ring of ice (left hand)
 B - the amulet of Eternity (around neck) {Drain rF+ rN+++ Regen+ Stlth+}
   (You took it off an orc on level 6 of the Dungeon)

   [amulet of regeneration]

   rF:        It protects you from fire.
   rN:        It renders you almost immune to negative energy.
   Regen:     It increases your rate of health regeneration.
   Drain:     It drains your maximum health when unequipped.
   Stlth:     It makes you more stealthy.
 E - an amulet of the acrobat
 H - a +4 ring of slaying (right hand)
 U - an amulet of magic regeneration
 Z - a ring of poison resistance
Wands
 d - a wand of roots (12)
 J - a wand of paralysis (16)
 K - a wand of digging (4)
 Q - a wand of light (4)
 S - a wand of mindburst (8)
Scrolls
 u - 2 scrolls of magic mapping
 w - 5 scrolls of fog
 y - 9 scrolls of teleportation
 z - a scroll of torment
 A - 2 scrolls of blinking
 C - 7 scrolls of fear
 N - 2 scrolls of poison
 T - 2 scrolls of enchant weapon
 V - a scroll of identify
 Y - 2 scrolls of immolation
Potions
 b - a potion of invisibility
 c - 3 potions of brilliance
 e - 2 potions of berserk rage
 g - 6 potions of curing
 h - 7 potions of degeneration
 l - a potion of resistance
 n - 4 potions of ambrosia
 r - 4 potions of haste
 x - 2 potions of flight
 D - a potion of magic
 F - 2 potions of might
 I - 2 potions of heal wounds
 L - 3 potions of cancellation
 M - 2 potions of mutation
 R - a potion of lignification
 X - a potion of attraction


   Skills:
 + Level 9.9 Fighting
 * Level 13.5 Axes
 + Level 8.5 Armour
 - Level 1.5 Dodging
 + Level 9.3 Shields


You had 12 spell levels left.
You didn't know any spells.
Your spell library was empty.

Dungeon Overview and Level Annotations

Branches:
Dungeon (12/15)            Temple (0/1) D:5            Lair (3/5) D:8
 Spider (0/4) Lair:2      Ossuary (visited)
  Swamp: Lair:2-3    Shoals: Lair:2-3       Orc: D:9-12

Altars:
Cheibriados
Dithmenos
Fedhas
Gozag
Kikubaaqudgha
Sif Muna
Trog
Vehumet
Xom
Zin
The Shining One

Shops:
D:4 :

Annotations:
Lair:2 exclusion: oklob plant
Lair:3 Fannar


Innate Abilities, Weirdness & Mutations

You have razor-sharp teeth.
Your natural rate of healing is unusually fast.
When hurt, damage is shared between your health and your magic reserves.
Your bite disrupts and absorbs the magic of your enemies.
Potions cannot restore your health.


Message History

You bite the komodo dragon, but do no damage.
You closely miss the blink frog. You closely miss the wolf.
You hit the blink frog.
The blink frog is poisoned.
You barely miss the wolf. You slash the komodo dragon!
The komodo dragon is poisoned.
The wolf bites you but does no damage. You block the wolf's attack.
GONNNNG!
You block the blink frog's attack.
GONNNNG!
You block the komodo dragon's attack.
PTOANNNG!
The komodo dragon bites you but does no damage.
The blink frog hits you but does no damage.
The wolf bites you!
The blink frog blinks!
The wolf bites you but does no damage. The komodo dragon bites you!
You take 11 damage, and have 35/72 hp.
You now have 6/14 mp.
You hit the komodo dragon.
The komodo dragon is poisoned.
Your bite misses the komodo dragon.
The komodo dragon is lightly wounded.
You hit the komodo dragon but do no damage.
The komodo dragon looks as sick as possible!
You completely miss the wolf. You slash the blink frog!
The blink frog looks as sick as possible!
You barely miss the wolf. The wolf bites you but does no damage.
The blink frog blinks!
You block the wolf's attack.
GONNNNG!
The blink frog blinks!
The komodo dragon bites you!
You take 8 damage, and have 27/72 hp.
You now have 4/14 mp.
You hit the komodo dragon. Your bite misses the komodo dragon.
The komodo dragon is lightly wounded.
You closely miss the wolf. You slash the wolf!
The wolf is poisoned.
You barely miss the komodo dragon. You block the wolf's attack.
GONNNNG!
You block the wolf's attack.
BOUMMMMG!
The komodo dragon bites you!
* * * LOW HITPOINT WARNING * * *
You block the wolf's attack.
GONNNNG!
The komodo dragon bites you!!
You die...

####### #.....# ##.....#
#......# #P.....# #...F..#
##...§.# ####...h@##
#......llh## ##..........##
##............####
#..............#.#
##...§............#
##.....#...F.#....>####
####...................#.#
##.......##......###.....##


You could see 2 komodo dragons, 2 blink frogs and 2 wolves.

Vanquished Creatures
  A hydra (Lair:2)
  2 centaur warriors
  2 boulder beetles
  3 two-headed ogres
  4 death yaks (Lair:2)
  A lindwurm (Lair:3)
  The ghost of NinjaNoafa the Skirmisher, a novice SpHu of Ashenzari (D:7)
  5 elephants (Lair:2)
  A black mamba (Lair:3)
  5 cane toads
  3 rime drakes
  A komodo dragon (Lair:3)
  4 trolls
  A hornet (D:10)
  A shadow (D:9)
  3 wyverns
  A water elemental (D:11)
  2 basilisks
  A wraith (D:9)
  48 yaks
  2 redbacks (Lair:2)
  A steam dragon (Lair:2)
  Edmund (D:4)
  6 water moccasins
  6 orc warriors
  3 sky beasts
  5 ogres
  5 centaurs
  A wolf (Lair:2)
  9 bullfrogs
  A phantom (D:6)
  3 kobold brigands
  2 gnoll sergeants
  2 necrophages
  4 scorpions
  4 water moccasin zombies (Ossuary)
  12 wights
  6 killer bees (D:9)
  7 electric eels
  2 hounds (D:5)
  5 orc priests
  A gnoll bouda (Lair:2)
  5 iguanas
  11 orc wizards
  2 mummies (Ossuary)
  5 adders
  8 gnolls
  A white imp (D:8)
  An ufetubus (D:7)
  3 adder zombies (Ossuary)
  3 dart slugs
  55 orcs
  10 bats
  7 endoplasms
  5 giant cockroaches
  3 gnoll zombies (Ossuary)
  4 goblins
  8 hobgoblins
  2 jackals (D:2)
  4 quokkas
  10 ball pythons
  A frilled lizard (D:3)
  3 hobgoblin zombies (Ossuary)
  18 kobolds
  5 kobold zombies
  6 orc zombies (Ossuary)
  5 rats
363 creatures vanquished.

Vanquished Creatures (collateral kills)
  Gastronok (D:10)
1 creature vanquished.

Vanquished Creatures (others)
  6 fungi
  9 plants
15 creatures vanquished.

Grand Total: 379 creatures vanquished

Notes
Turn   | Place    | Note
-------+----------+-------------------------------------------
     0 | D:1      | jasper the Vine Stalker Berserker began the quest for the
                  | Orb.
     0 | D:1      | Reached XP level 1. HP: 11/11 MP: 2/2
   167 | D:1      | Reached skill level 3 in Axes
   167 | D:1      | Reached XP level 2. HP: 16/16 MP: 3/3
   933 | D:2      | Reached XP level 3. HP: 20/20 MP: 1/4
  1685 | D:2      | Reached ** piety under Trog
  1686 | D:2      | Gained mutation: Your natural rate of healing is unusually
                  | fast. [Vine Stalker growth]
  1686 | D:2      | Reached XP level 4. HP: 23/24 MP: 5/5
  2205 | D:3      | Found the +18 shield of the Gong {Loud rElec rN+ Will+
                  | EV-5}
  2234 | D:3      | Found a faded altar of an unknown god.
  2491 | D:3      | Identified the ring of the Villain {Fly SInv}
  3186 | D:4      | Reached XP level 5. HP: 28/28 MP: 6/6
  3196 | D:4      | Reached skill level 4 in Axes
  3199 | D:4      | Noticed an ogre
  3388 | D:4      | Noticed an ogre
  3395 | D:4      | Killed an ogre
  3396 | D:4      | Reached skill level 1 in Shields
  3396 | D:4      | Reached XP level 6. HP: 33/33 MP: 7/7
  3516 | D:4      | Reached skill level 5 in Axes
  3587 | D:4      | Reached XP level 7. HP: 25/37 MP: 4/8
  3587 | D:4      | Noticed Edmund
  3698 | D:4      | Killed Edmund
  3733 | D:4      | Found Jeffa's Book Emporium.
  3778 | D:4      | Found a radiant altar of Vehumet.
  4104 | D:5      | Entered Level 5 of the Dungeon
  4950 | D:5      | Reached skill level 6 in Axes
  5168 | D:5      | Gained mutation: You have razor-sharp teeth. [Vine Stalker
                  | growth]
  5168 | D:5      | Reached XP level 8. HP: 42/42 MP: 7/9
  5203 | D:5      | Found a staircase to the Ecumenical Temple.
  5840 | D:5      | Found an ancient bone altar of Kikubaaqudgha.
  6244 | D:6      | Found a glowing golden altar of the Shining One.
  6396 | D:6      | Reached skill level 5 in Fighting
  7016 | D:6      | Reached skill level 7 in Axes
  7048 | D:6      | Reached *** piety under Trog
  7082 | D:6      | Identified the amulet of Eternity {Drain rF+ rN+++ Regen+
                  | Stlth+}
  7582 | D:7      | Reached XP level 9. HP: 47/47 MP: 8/10
  7973 | D:7      | Found a runed translucent gate.
  7973 | D:7      | Found a runed translucent gate.
  7973 | D:7      | Found a runed translucent gate.
  7973 | D:7      | Noticed NinjaNoafa's ghost (novice SpHu)
  8169 | D:7      | Killed NinjaNoafa's ghost
  8170 | D:7      | Reached skill level 8 in Axes
  8347 | D:7      | Found a shimmering blue altar of Sif Muna.
  8347 | D:7      | Found a shadowy altar of Dithmenos.
  8348 | D:7      | Found an opulent altar of Gozag.
  8629 | D:7      | Noticed a troll
  8637 | D:7      | Killed a troll
  8638 | D:7      | Reached skill level 5 in Shields
  8974 | D:8      | Reached **** piety under Trog
  8975 | D:8      | Reached XP level 10. HP: 41/53 MP: 7/11
  8984 | D:8      | Reached skill level 5 in Armour
  8992 | D:8      | Reached skill level 9 in Axes
  9278 | D:8      | Found a staircase to the Lair.
  9290 | D:8      | Found a bloodstained altar of Trog.
  9371 | D:8      | Found a sand-covered staircase.
  9379 | Ossuary  | Entered an ossuary
  9502 | Ossuary  | Reached ***** piety under Trog
 10168 | D:9      | Reached skill level 10 in Axes
 10466 | D:9      | Noticed a two-headed ogre
 10484 | D:9      | Killed a two-headed ogre
 10485 | D:9      | Reached XP level 11. HP: 58/58 MP: 12/12
 11193 | D:10     | Entered Level 10 of the Dungeon
 11241 | D:10     | Noticed a two-headed ogre
 11244 | D:10     | Noticed a centaur warrior
 11254 | D:9      | Killed a two-headed ogre
 11412 | D:10     | Killed a centaur warrior
 11446 | D:10     | Noticed Gastronok
 11467 | D:10     | Killed Gastronok
 11468 | D:10     | Reached skill level 11 in Axes
 11495 | D:10     | Found a shimmering altar of Xom.
 11530 | D:10     | Found a glowing silver altar of Zin.
 11862 | D:10     | Reached XP level 12. HP: 65/65 MP: 13/13
 12052 | D:10     | Found a blossoming altar of Fedhas.
 12143 | D:10     | Found a snail-covered altar of Cheibriados.
 12443 | D:11     | Noticed a centaur warrior
 12453 | D:11     | Killed a centaur warrior
 12499 | D:11     | Reached skill level 12 in Axes
 12768 | D:11     | Noticed a boulder beetle
 12791 | D:11     | Killed a boulder beetle
 12836 | D:11     | Noticed a two-headed ogre
 12844 | D:11     | Killed a two-headed ogre
 13073 | D:11     | Identified the +11 war axe of the Vaults {venom, rElec
                  | Str+4 Int+4 Dex-2}
 13372 | D:12     | Noticed a boulder beetle
 13380 | D:12     | Killed a boulder beetle
 13484 | Lair:1   | Entered Level 1 of the Lair of Beasts
 13645 | Lair:1   | Received a gift from Trog
 14199 | Lair:2   | Noticed a death yak
 14199 | Lair:2   | Noticed a death yak
 14199 | Lair:2   | Noticed a death yak
 14204 | Lair:2   | Killed a death yak
 14209 | Lair:2   | Killed a death yak
 14212 | Lair:2   | Killed a death yak
 14231 | Lair:2   | Noticed a seven-headed hydra
 14242 | Lair:2   | Killed a five-headed hydra
 14243 | Lair:2   | Reached skill level 13 in Axes
 14243 | Lair:2   | Reached XP level 13. HP: 60/70 MP: 11/14
 14386 | Lair:2   | Found a hole to the Spider Nest.
 15389 | Lair:3   | Noticed Fannar
 15420 | Lair:2   | Slain by a komodo dragon

Illustrated notes

Levels and vault maps discovered:
D:1:      evilmike_arrival_rings, layout_basic
D:2:      layout_basic
D:3:      layout_loops_corners, dreamdust_ecumenical_altar_hidden_monk_grotto,
          minmay_crystal_water
D:4:      layout_rooms, nicolae_overflow_crystal_walls, serial_shops, shop,
          serial_curves, eino_curves_02, eino_curves_02,
          chequers_serial_rivers_small_b, uniq_edmund
D:5:      layout_basic, marbit_many_paths, minmay_temple_entry_mini_moons
D:6:      layout_loops_ring, mainiacjoe_overflow_24_doors
D:7:      layout_loops_ring, gammafunk_temple_overflow_claw,
          ebering_ghost_rock_garden, minmay_microvault
D:8:      layout_loops_ring, trog_butcher_becter, lair_entry_dummy,
          enter_ossuary_3
D:9:      layout_roguey
D:10:     argonaut_augean_stables, layout_small_grid, lemuel_doored_altar,
          nicolae_overflow_hidden_temple, chei_slow_surprise,
          mainiacjoe_overflow_alcove_4, uniq_gastronok
D:11:     layout_basic
D:12:     layout_cave_pods, hiddenorc1_lemuel, minmay_rotating_lava, uniq_lodul
Lair:1:   layout_concentric_octagons, nicolae_quartered_pool_super,
          pdpol_lair_neglected_garden
Lair:2:   layout_hall_layers, spider_nest_entry_webs, dreamdust_gnoll_shepherd
Lair:3:   layout_small_grid, palyth_hydra_swamp_entry,
          small_statue_intersection, nzn_random_ring, grunt_megastairs_2,
          serial_bayou_shore_b, uniq_fannar

Skill      XL: |  1  2  3  4  5  6  7  8  9 10 11 12 13 |
---------------+----------------------------------------+-----
Axes           | 3 4 5 6 7 8 10 11 13 | 13.5
Fighting       | 3 4 5 6 7 8 9 |  9.9
Armour         | 2 3 4 6 7 8 |  8.5
Shields        | 1 2 3 4 5 6 7 8 9 |  9.3
Dodging        | |  1.5

Action                     |  1- 3 |  4- 6 |  7- 9 | 10-12 | 13-15 || total
---------------------------+-------+-------+-------+-------+-------++-------
  Melee: Hand axe          |    75 |    51 |       |       |       ||   126
         Bite              |    13 |    21 |    83 |   138 |    45 ||   300
         Punch             |     1 |       |       |       |       ||     1
         War axe           |       |    64 |   276 |   391 |   107 ||   838
  Throw: Stone             |    15 |     9 |    18 |     1 |     1 ||    44
         Dart              |       |     2 |       |       |       ||     2
 Invoke: Berserk           |       |     2 |     3 |     1 |       ||     6
         Brothers in Arms  |       |       |       |     1 |       ||     1
         Trog's Hand       |       |       |       |       |     1 ||     1
  Evoke: Wand              |       |       |     1 |     4 |       ||     5
    Use: Scroll            |     4 |     7 |     7 |    11 |       ||    29
         Potion            |       |       |       |       |     1 ||     1
 Armour: Animal skin       |    19 |    18 |       |       |       ||    37
         Chain mail        |       |     3 |    70 |   134 |    32 ||   239
  Dodge: Dodged            |    63 |    20 |     5 |    18 |     6 ||   112
  Block: Kite shield       |       |   106 |   360 |   570 |   149 ||  1185

Table legend: (Time is in decaauts)
 A = Elapsed time spent in this place.
 B = Non-inter-level travel time spent in this place.
 C = Inter-level travel time spent in this place.
 D = Time resting spent in this place.
 E = Time spent auto-exploring this place.
 F = Levels seen in this place.
 G = Mean time per level.
                   A        B        C        D        E       F      G
               +--------+--------+--------+--------+--------+-----+--------+
         Total |  15741 |  14662 |   1079 |   3474 |   8019 |  16 |  983.8 |
       Dungeon |  13764 |  12788 |    976 |   3133 |   6935 |  12 | 1147.0 |
          Lair |   1799 |   1697 |    102 |    341 |   1066 |   3 |  599.7 |
       Ossuary |    177 |    177 |      0 |      0 |     18 |   1 |  177.0 |
               +--------+--------+--------+--------+--------+-----+--------+

Top non-repeatable levels by time:
     D:5: 2181 daAuts
     D:7: 1429 daAuts
     D:9: 1384 daAuts
     D:6: 1332 daAuts
     D:3: 1321 daAuts
     D:2: 1143 daAuts
    D:10: 1121 daAuts
     D:8: 1055 daAuts
    D:11: 988 daAuts
  Lair:2: 968 daAuts
     D:4: 905 daAuts
     D:1: 889 daAuts
  Lair:1: 771 daAuts
 Ossuary: 177 daAuts
  Lair:3: 59 daAuts
